 Dungeon Crawl Stone Soup version 0.27-a0-1200-g94dc6ad4cf (webtiles) character file.

Game seed: 10915874520819562154

180 lightspider the Firebug (level 5, -12/40 HPs)
             Began as a Draconian Fire Elementalist on June 2, 2021.
             Mangled by an ogre
             ... wielding a +0 giant spiked club
              (24 damage)
             ... on level 4 of the Dungeon.
             The game lasted 00:14:38 (3348 turns).

lightspider the Firebug (DrFE)                      Turns: 3348, Time: 00:14:39

Health: -12/40     AC:  5    Str: 11    XL:     5   Next: 33%
Magic:  6/9        EV: 12    Int: 15    God:
Gold:   205        SH:  0    Dex: 12    Spells: 9/10 levels left

rFire    . . .     SeeInvis .   a - staff of cold
rCold    + . .     Faith    .   (no shield)
rNeg     . . .     Spirit   .   (armour unavailable)
rPois    .         Reflect  .   (helmet restricted)
rElec    .         Harm     .   (no cloak)
rCorr    .         Rampage  .   (no gloves)
Will     .....                  (no boots)
Stlth    ++........             (no amulet)
HPRegen  0.13/turn              (no ring)
MPRegen  0.11/turn              (no ring)

@: no status effects
A: AC +5, unfitting armour, cold-blooded
a: no special abilities


You were on level 4 of the Dungeon.
You visited 1 branch of the dungeon, and saw 4 of its levels.

You collected 205 gold pieces.

Inventory:

Missiles
 e - 35 bolts
Magical Staves
 a - a staff of cold (weapon)
 j - a staff of poison
Jewellery
 m - a ring of ice
Scrolls
 f - a scroll of immolation {unknown}
 k - a scroll of teleportation
 l - a scroll of noise {unknown}
 n - a scroll of identify {unknown}
 o - a scroll of blinking {unknown}
 p - a scroll of brand weapon {unknown}
Potions
 b - 4 potions of brilliance {unknown}
 c - a potion of attraction {unknown}
 d - 2 potions of haste {unknown}
 g - a potion of curing {unknown}
 h - 2 potions of mutation {unknown}
 i - a potion of degeneration {unknown}


   Skills:
 - Level 1.6 Fighting
 - Level 0.5 Staves
 - Level 2.0 Dodging
 - Level 1.7 Stealth
 + Level 3.1 Spellcasting
 + Level 2.7 Conjurations
 + Level 4.1 Fire Magic


You had 9 spell levels left.
You knew the following spells:

 Your Spells              Type           Power      Damage    Failure   Level
a - Foxfire               Conj/Fire      48%        2x1d6     4%          1

Your spell library contained the following spells:

 Spells                   Type           Power      Damage    Failure   Level
 Conjure Flame            Conj/Fire      12%        6-21      14%         3
 Animate Skeleton         Necr           4%         N/A       21%         1
 Apportation              Tloc           4%         N/A       21%         1
 Corona                   Hex            2%         N/A       21%         1
 Summon Small Mammal      Summ           8%         N/A       21%         1
 Inner Flame              Hex/Fire       8%         N/A       26%         3
 Sticky Flame             Conj/Fire      12%        2d4       43%         4
 Fireball                 Conj/Fire      6%         3d5       80%         5


Dungeon Overview and Level Annotations

Branches:
Dungeon (4/15)
 Temple: D:4-7

Altars:
Uskayaw


Innate Abilities, Weirdness & Mutations

Your plain brown scales are hard. (AC +5)
You cannot fit into any form of body armour.
You are cold-blooded and may be slowed by cold attacks.


Message History

The ogre is heavily wounded.
The foxfire hits the ogre.
The ogre is heavily wounded.
The ogre hits you with a +0 giant spiked club.
Your magical contamination has completely faded away.
The ogre closely misses you.
Casting: Foxfire (safe; 4% risk of failure)
Confirm with . or Enter, or press ? or * to list all spells.
You miscast Foxfire.
You are very lightly contaminated with residual magic.
Nothing appears to happen.
You barely miss the ogre. You tail-slap the ogre.
The ogre is severely wounded.
The ogre hits you with a +0 giant spiked club!
Casting: Foxfire (safe; 4% risk of failure)
Confirm with . or Enter, or press ? or * to list all spells.
You conjure some foxfire!
The ogre hits you with a +0 giant spiked club!!
Ouch! That really hurt!
* * * LOW HITPOINT WARNING * * *
Your magical contamination has completely faded away.
The foxfire hits the ogre but does no damage.
The ogre is severely wounded.
The foxfire hits the ogre.
The ogre is severely wounded.
An ogre comes into view. It is wielding a +0 giant spiked club.
The ogre barely misses you. The ogre misses you.
Casting: Foxfire (safe; 4% risk of failure)
Confirm with . or Enter, or press ? or * to list all spells.
You conjure some foxfire!
The foxfire hits the ogre.
The ogre is severely wounded.
The foxfire hits the ogre but does no damage.
The ogre is severely wounded.
Found 12 gold pieces and a scroll labelled EBERUUPOOD.
There is a stone staircase leading up here.
The ogre hits you with a +0 giant spiked club!!
Ouch! That really hurt!
You die...

# ### # ##.## #
##.#.## ## ##
##.###.### #.# .#
###.## ##..###.# .#
###..## ##....#
.###....# #.@.##
.......## ##O##
.......# #.g#
......## ##..#
......## #..##
.......### ##..#
.........####...#
................#
.............[.####


You could see an ogre and a goblin.

Vanquished Creatures
  A water moccasin zombie (D:3)
  A gnoll (D:1)
  4 adders
  3 worms
  2 dart slugs (D:1)
  6 endoplasms
  A giant cockroach (D:4)
  12 goblins
  3 hobgoblins
  6 jackals (D:2)
  5 quokkas
  5 ball pythons
  5 bats
  4 frilled lizards
  4 kobolds
  3 rats
65 creatures vanquished.

Vanquished Creatures (others)
  156 foxfires
  4 toadstools (D:1)
160 creatures vanquished.

Grand Total: 225 creatures vanquished

Notes
Turn   | Place    | Note
-------+----------+-------------------------------------------
     0 | D:1      | lightspider the Draconian Fire Elementalist began the quest
                  | for the Orb.
     0 | D:1      | Reached XP level 1. HP: 14/14 MP: 3/3
   219 | D:1      | Reached XP level 2. HP: 22/22 MP: 5/5
   582 | D:1      | Reached skill level 1 in Fighting
   740 | D:1      | Reached XP level 3. HP: 18/28 MP: 0/6
  1303 | D:2      | Found a faded altar of an unknown god.
  2323 | D:3      | Reached XP level 4. HP: 32/35 MP: 4/7
  2952 | D:3      | Reached skill level 4 in Fire Magic
  2952 | D:3      | Reached XP level 5. HP: 34/40 MP: 0/9
  3214 | D:4      | Found a hide-covered altar of Uskayaw.
  3249 | D:4      | Noticed an ogre
  3290 | D:4      | Noticed an ogre
  3348 | D:4      | Mangled by an ogre

Illustrated notes

Levels and vault maps discovered:
D:1:      ldierk_walled_garden_2, layout_loops_ring,
          wander_ebering_terrifying_dragon_lair
D:2:      layout_loops_corners, ebering_ecumenical_altar_ruins, minivault_11
D:3:      layout_basic
D:4:      layout_layer_cave, marbit_many_paths, nicolae_uskayaw_dance_hall,
          nicolae_overflow_hidden_temple, minmay_ogre_servants

Skill      XL: |  1  2  3  4 |
---------------+-------------+-----
Dodging        | 2 |  2.0
Fighting       | 1 |  1.6
Conjurations   | 2 |  2.7
Spellcasting   | 3 |  3.1
Fire Magic     | 4 |  4.1
Staves         | |  0.5
Stealth        | |  1.7

Action                   |  1- 3 |  4- 6 || total
-------------------------+-------+-------++-------
Melee: Unarmed           |    12 |       ||    12
       Tailslap          |     4 |     2 ||     6
       Staff             |    44 |    19 ||    63
 Cast: Foxfire           |    56 |    46 ||   102
  Use: Scroll            |     2 |       ||     2
 Stab: Sleeping          |     1 |       ||     1
Armor: Skin              |    20 |     4 ||    24
Dodge: Dodged            |    63 |    17 ||    80

Table legend: (Time is in decaauts)
 A = Elapsed time spent in this place.
 B = Non-inter-level travel time spent in this place.
 C = Inter-level travel time spent in this place.
 D = Time resting spent in this place.
 E = Time spent auto-exploring this place.
 F = Levels seen in this place.
 G = Mean time per level.
                   A        B        C        D        E       F      G
               +--------+--------+--------+--------+--------+-----+--------+
         Total |   3357 |   3315 |     42 |    549 |   2045 |   4 |  839.2 |
       Dungeon |   3357 |   3315 |     42 |    549 |   2045 |   4 |  839.2 |
               +--------+--------+--------+--------+--------+-----+--------+

Top non-repeatable levels by time:
     D:1: 1214 daAuts
     D:2: 1052 daAuts
     D:3: 921 daAuts
     D:4: 169 daAuts
